 Dungeon Crawl Stone Soup version 0.23-a0-344-ge122d05652 (webtiles) character file.

1499 Leibowitz the Chopper (level 8, 0/66 HPs)
             Began as a Demigod Fighter on Oct 19, 2018.
             Slain by an orc warrior
             ... wielding a +0 dire flail
              (13 damage)
             ... on level 6 of the Dungeon.
             The game lasted 00:13:26 (5217 turns).

Leibowitz the Chopper (Demigod Fighter)             Turns: 5217, Time: 00:13:27

Health: 0/66       AC: 14    Str: 23    XL:     8   Next: 27%
Magic:  10/10      EV:  9    Int: 12    God:
Gold:   267        SH: 10    Dex: 15    Spells: 7/7 levels left

rFire    + + .     SeeInvis .   a - +0 war axe
rCold    . . .     Gourm    .   c - +0 shield
rNeg     . . .     Faith    .   b - +0 scale mail
rPois    .         Spirit   .   y - +0 helmet
rElec    .         Reflect  .   s - +2 cloak
rCorr    .         Harm     .   l - +0 pair of gloves
MR       .....                  (no boots)
Stlth    ..........             (no amulet)
HPRegen  0.21/turn              v - +1 ring of protection
MPRegen  0.12/turn              A - ring of protection from fire

@: no status effects
A: blink, fire resistance 1, high mp 1, evolution 1
a: Blink


You were on level 6 of the Dungeon.
You were hungry.

You visited 1 branch of the dungeon, and saw 6 of its levels.
You also visited: Sewer.

You collected 267 gold pieces.

Inventory:

Hand Weapons
 a - a +0 war axe (weapon)
Armour
 b - a +0 scale mail (worn)
 c - a +0 shield (worn)
 l - a +0 pair of gloves (worn)
 n - a scarf of cloud immunity
 s - a +2 cloak (worn)
 y - a +0 helmet (worn)
Jewellery
 t - an uncursed ring of fire
 v - a +1 ring of protection (left hand)
 A - a ring of protection from fire (right hand)
Wands
 u - a wand of polymorph (15)
 w - a wand of disintegration (18)
 B - a wand of enslavement (7)
Scrolls
 j - a scroll of magic mapping
 o - a scroll of remove curse {unknown}
 q - a scroll of immolation {unknown}
 x - 3 scrolls of teleportation
 z - a scroll of noise {unknown}
 C - a scroll of identify
Potions
 e - a potion of mutation
 g - 2 potions of flight {unknown}
 h - 7 potions of curing
 i - 2 potions of brilliance
 k - a potion of invisibility
 m - a potion of lignification
 p - 4 potions of heal wounds
 r - 2 potions of agility
Comestibles
 d - 3 chunks of flesh
 f - 11 rations


   Skills:
 + Level 4.3 Fighting
 + Level 6.4 Axes
 + Level 5.1 Armour
 + Level 3.0 Dodging
 + Level 0.6 Stealth
 + Level 4.5 Shields


You had 7 spell levels left.
You didn't know any spells.
Your spell library was empty.

Dungeon Overview and Level Annotations

Branches:
Dungeon (6/15)             Temple (0/1) D:5

Shops:
D:5 =


Innate Abilities, Weirdness & Mutations

You have an increased reservoir of magic. (+10% MP)
You can translocate small distances at will.
Your flesh is heat resistant. (rF+)
You evolve.


Message History

You barely miss the orc. You block the orc's attack.
You block the orc warrior's attack. You block the orc's attack.
You hit the orc warrior.
The orc warrior is moderately wounded.
You hit the orc.
The orc warrior hits you with a +0 dire flail!!
* * * LOW HITPOINT WARNING * * *
You block the orc's attack.
You barely miss the orc warrior.
The orc warrior is moderately wounded.
You hit the orc. You block the orc warrior's attack. The orc barely misses you.
You hit the orc warrior but do no damage.
The orc warrior is moderately wounded.
You hit the orc but do no damage. The orc warrior barely misses you.
You block the orc's attack.
You closely miss the orc warrior.
The orc warrior is moderately wounded.
You closely miss the orc.
The orc warrior hits you with a +0 dire flail!
You die...

####.#..##............
...รท...##..............#
....####................
....# #.................
....###.................
......#.......#..#......
....#.'........# .......
.<..#.'.......o##o......
...(###.......#o@# ....#
#................. ....#
#............!.... ....#
##.......%........ ...>#
##..........(...# ....#
##.........[..## ##..#
##..........## ###
##........##


You could see an orc warrior and 2 orcs.

Vanquished Creatures
  A hippogriff (D:6)
  An ice beast (D:6)
  2 sky beasts (D:5)
  2 centaurs (D:5)
  A bullfrog (D:5)
  3 big kobolds (Sewer)
  A howler monkey (D:5)
  A crimson imp (D:6)
  A hound (D:4)
  Crazy Yiuf (D:4)
  A bullfrog skeleton (D:5)
  Terence (D:3)
  Jessica (D:3)
  An iguana (D:6)
  4 worker ants
  A worker ant zombie (D:5)
  Robin (D:3)
  A howler monkey skeleton (D:4)
  4 gnolls (D:3)
  9 adders
  2 shadow imps
  3 oozes
  An adder skeleton (D:4)
  2 dart slugs
  6 leopard geckos
  7 orcs
  3 ball pythons
  6 giant cockroaches
  14 goblins
  8 hobgoblins
  4 jackals (D:3)
  2 quokkas (D:3)
  8 bats
  5 frilled lizards
  14 kobolds
  7 rats
130 creatures vanquished.

Notes
Turn   | Place    | Note
-------+----------+-------------------------------------------
     0 | D:1      | Leibowitz the Demigod Fighter began the quest for the Orb.
     0 | D:1      | Reached XP level 1. HP: 18/18 MP: 3/3
   290 | D:1      | Reached skill level 2 in Axes
   290 | D:1      | Reached XP level 2. HP: 25/25 MP: 4/4
   620 | D:2      | Reached XP level 3. HP: 31/31 MP: 5/5
  1221 | D:3      | Noticed Terence
  1235 | D:3      | Killed Terence
  1235 | D:3      | Reached XP level 4. HP: 22/38 MP: 6/6
  1379 | D:3      | Noticed Robin
  1579 | D:3      | Found a white marble altar of Elyvilon.
  1640 | D:3      | Reached skill level 3 in Axes
  1919 | D:3      | Reached XP level 5. HP: 45/45 MP: 7/7
  2198 | D:3      | Reached skill level 1 in Dodging
  2423 | D:3      | Killed Robin
  2461 | D:3      | Noticed Jessica
  2466 | D:3      | Killed Jessica
  2828 | D:4      | Reached skill level 4 in Axes
  2828 | D:4      | Reached XP level 6. HP: 14/51 MP: 8/8
  3052 | D:4      | Found a runed door.
  3056 | D:4      | Noticed Crazy Yiuf
  3064 | D:4      | Paralysed by Crazy Yiuf for 6 turns
  3071 | D:4      | Killed Crazy Yiuf
  3242 | D:4      | Found an iron altar of Okawaru.
  3494 | D:5      | Entered Level 5 of the Dungeon
  3560 | D:5      | Found a staircase to the Ecumenical Temple.
  3668 | D:5      | Gained mutation: Your flesh is heat resistant. (rF+)
                  | [potion of mutation]
  3668 | D:5      | Gained mutation: You evolve. [potion of mutation]
  3668 | D:5      | Gained mutation: You rapidly evolve. [potion of mutation]
  3677 | D:5      | Reached XP level 7. HP: 17/58 MP: 9/9
  3722 | D:5      | Reached skill level 5 in Axes
  3725 | D:5      | Found Vicavoys's Jewellery Emporium.
  3834 | D:5      | Found a glowing drain.
  3848 | Sewer    | Entered a sewer
  4563 | D:5      | Found a snail-covered altar of Cheibriados.
  4890 | D:5      | Gained mutation: You can translocate small distances at
                  | will. [evolution]
  4890 | D:5      | Lost mutation: You rapidly evolve. [decline of evolution]
  5067 | D:6      | Reached skill level 5 in Armour
  5067 | D:6      | Reached XP level 8. HP: 66/66 MP: 10/10
  5075 | D:6      | Noticed a hippogriff
  5169 | D:6      | Reached skill level 6 in Axes
  5182 | D:6      | Killed a hippogriff
  5217 | D:6      | Slain by an orc warrior

Vault maps used:
D:1:      dpeg_arrival_pits, chequers_serial_rivers_small_a
D:3:      first_ration, roderic_lattice_a, elyvilon_altar_1, uniq_robin,
          uniq_terence, uniq_jessica
D:4:      okawaru_metal_pillars_3, uniq_crazy_yiuf_cottage
D:5:      minmay_temple_entry_junction_2, serial_shops, shop,
          portal_sewer_entry_d, basic_altar, item_on_display_a
D:6:      kennysheep_big_flooded_room, led_sif_pool, marbit_many_paths,
          nrook_uturn
Sewer:    kennysheep_pipe_town

Skill      XL: |  1  2  3  4  5  6  7  8 |
---------------+-------------------------+-----
Axes           | 2 3 4 5 6 |  6.4
Fighting       | 3 4 |  4.3
Shields        | 3 4 |  4.5
Armour         | 3 4 5 |  5.1
Dodging        | 1 2 3 |  3.0
Stealth        | |  0.6

Action                   |  1- 3 |  4- 6 |  7- 9 || total
-------------------------+-------+-------+-------++-------
Melee: War axe           |    81 |   234 |   168 ||   483
  Use: Potion            |       |     6 |     2 ||     8
       Scroll            |       |       |     6 ||     6
  Eat: Chunk             |     1 |     8 |     5 ||    14
Armor: Scale mail        |    40 |   118 |    80 ||   238
Dodge: Dodged            |    18 |    72 |    57 ||   147
Block: Shield            |    36 |   145 |    93 ||   274

Table legend:
 A = Non-vault XP
 B = Vault XP
 C = Vault XP percentage of total XP
 D = Non-vault monster count
 E = Vault monster count
 F = Vault count percentage of total count
                 A         B        C        D         E       F
            +---------+---------+-------+---------+---------+-------
      Total |    1382 |     760 |  35.5 |      87 |      43 |  33.1
            +---------+---------+-------+---------+---------+-------
        D:1 |      19 |       0 |   0.0 |       7 |       0 |   0.0
        D:2 |      67 |       4 |   5.6 |      15 |       2 |  11.8
        D:3 |     143 |     108 |  43.0 |      34 |      13 |  27.7
        D:4 |     197 |      40 |  16.9 |      13 |       1 |   7.1
        D:5 |     764 |      14 |   1.8 |      15 |       1 |   6.2
        D:6 |     192 |     272 |  58.6 |       3 |       2 |  40.0
      Sewer |       0 |     322 | 100.0 |       0 |      24 | 100.0
            +---------+---------+-------+---------+---------+-------
